 Dungeon Crawl Stone Soup version 0.32-a0-928-g1cae6b7ea0 (webtiles) character file.

Game seed: 3867201257888808205

141 kae the Changeling (level 5, -1/37 HPs)
             Began as a Demonspawn Shapeshifter on Apr 12, 2024.
             Slain by an orc
             ... wielding a +0 whip
              (5 damage)
             ... on level 2 of the Dungeon.
             The game lasted 00:01:27 (2048 turns).

kae the Changeling (Demonspawn Shapeshifter)        Turns: 2048, Time: 00:01:27

Health: -1/37      AC:  2    Str: 14    XL:     5   Next: 3%
Magic:  5/5        EV: 11    Int: 11    God:
Gold:   96         SH:  0    Dex: 14    Spells: 4/4 levels left

rFire   . .          .
                       - Unarmed
rCold   . . .        (no shield)
rNeg    . . .        a - +0 animal skin
rPois   .            (helmet currently unavailable)
rElec   .            (cloak currently unavailable)
rCorr   .            (gloves currently unavailable)
SInv    .            (boots currently unavailable)
Will    .....        (no amulet)
Stlth   +            (no ring)
HPRegen 0.26/turn    (no ring)
MPRegen 0.09/turn

%: no passive effects
@: brilliant, beast-form, hasted, very quick
A: beast (slay +2), horns 2
a: Begin Untransformation


You were on level 2 of the Dungeon.
You were a hulking beast.
You visited 1 branch of the dungeon, and saw 3 of its levels.

You collected 96 gold pieces.


Innate Abilities, Weirdness & Mutations

You are a hulking beast.
Your limbs bulge with bestial killing power. (Slay +2)
You have a pair of horns on your head.


   Skills:
 - Level 1.0 Fighting
 - Level 1.7 Dodging
 + Level 3.7 Unarmed Combat
 * Level 4.2 Shapeshifting


You had 4 spell levels left.
You didn't know any spells.
Your spell library was empty.

Inventory:

Missiles
 h - 19 stones (quivered)
Armour
 a - a +0 animal skin (worn)
Talismans
 c - a beast talisman (active)
 d - a flux talisman
Scrolls
 g - a scroll of amnesia
 i - a scroll of teleportation {@r4}
Potions
 b - a potion of lignification {!q}
 m - a potion of mutation {!q}

Dungeon Overview and Level Annotations

Branches:
Dungeon (3/15) Zot: 15955

Altars:

Shops:
D:3

? ..# #.....##......#...#.#
#####
#.####.....##.........##.##
#
#..........##........#....#
##########.##........#.####
#.###.##.##.#.#
#.....##......#
#####..#.#.#### ##.o.#.#
##ho..# ######


You could see 2 orcs.


Message History

Okay, then.
Okay, then.
Done exploring.
Unknown command.
Done exploring.
Done exploring.
Done exploring.
Unknown command.
You start waiting.
Done waiting.
There is a stone staircase leading down here.
You climb downwards.
Found an inky potion.
Found a stone staircase leading up.
There is a stone staircase leading up here.
An orc and an adder come into view.
The orc is wielding a +3 whip of freezing.
The adder hisses angrily.
There are monsters nearby!
There are monsters nearby!
There are monsters nearby!
The adder bites you. x2
You barely miss the adder. The adder closely misses you. 😕 HP[-2]
You take 2 damage, and now have 30/32 hp.
You hit the adder. The adder closely misses you.
You closely miss the adder. Your headbutt misses the adder.
The adder closely misses you.
You closely miss the adder.
You headbutt the adder, but do no damage.
The adder bites you.
You completely miss the adder. Your headbutt misses the adder.
The adder barely misses you. 😕 HP[-4]
You take 4 damage, and now have 26/32 hp.
Unknown command.
You barely miss the adder. You headbutt the adder.
The adder bites you but does no damage. The adder barely misses you.
You hit the adder.
You kill the adder!
You have reached level 5! 😕 HP[+5] MP[+1]
You now have 37 max hp (+5).
You regained 5 hp, and now have 31/37 hp.
Your mp is fully restored (5).
Found Buggecet's Magic Scroll Shop. 😕 HP[+1]
A kobold comes into view. It is wielding a +0 short sword.
The orc shouts!
An orc comes into view. It is wielding a +0 whip.
You see here an inky potion.
The orc shouts!
A dart slug comes into view. 😕 HP[+1]
There is a stone staircase leading up here.
You closely miss the orc.
The orc hits you with a +3 whip of freezing!
The orc freezes you. 😮 HP[-9]
You take 9 damage, and now have 24/37 hp.
MASSIVE DAMAGE!! (PAUSE)
The orc barely misses you. The orc hits you with a +0 whip.
You climb upwards.
There is a stone staircase leading down here.
Unknown command. 😮 HP[-4]
You take 4 damage, and now have 20/37 hp.
You are too injured to fight recklessly!
You are too injured to fight recklessly!
You are too injured to fight recklessly!
You are too injured to fight recklessly!
You completely miss the orc. The orc barely misses you.
The orc hits you with a +0 whip. 😮 HP[-1]
You take 1 damage, and now have 19/37 hp.
You closely miss the orc.
The orc hits you with a +3 whip of freezing.
* * * LOW HITPOINT WARNING * * *
The orc freezes you.
* * * LOW HITPOINT WARNING * * *
The orc closely misses you. 😨 HP[-7]
You take 7 damage, and now have 12/37 hp.
Unknown command.
You barely miss the orc. You hit the orc.
The orc hits you with a +3 whip of freezing!
* * * LOW HITPOINT WARNING * * *
The orc freezes you.
* * * LOW HITPOINT WARNING * * *
The orc barely misses you. 😱 HP[-8]
You take 8 damage, and now have 4/37 hp.
MASSIVE DAMAGE!! (PAUSE) Unknown command.
It was a potion of haste.
You feel yourself speed up. The orc closely misses you. x2
It was a potion of brilliance.
You feel clever all of a sudden. The orc barely misses you.
The orc hits you with a +0 whip.
You die...

Skill      XL: |  1  2  3  4 |
---------------+-------------+-----
Shapeshifting  | 3 4 |  4.2
Unarmed Combat | 3 |  3.7
Fighting       | |  1.0
Dodging        | |  1.7

Action                     |  1- 3 |  4- 6 || total
---------------------------+-------+-------++-------
  Melee: Unarmed           |   109 |    41 ||   150
         Headbutt          |    13 |     9 ||    22
         Punch             |     2 |       ||     2
    Use: Potion            |     1 |     2 ||     3
         Scroll            |       |     7 ||     7
   Stab: Sleeping          |     2 |     1 ||     3
 Armour: Animal skin       |    73 |    24 ||    97
  Dodge: Dodged            |    74 |    22 ||    96

Levels and vault maps discovered:
D:1:      dpeg_cavernosity, layout_basic
D:2:      layout_basic, basic_altar, due_unseen_surprise
D:3:      layout_rooms, serial_shops, shop, nicolae_shop_tiny_statue_garden

Notes
Turn   | Place    | Note
-------+----------+-------------------------------------------
     0 | D:1      | kae the Demonspawn Shapeshifter began the quest for the
                  | Orb.
     0 | D:1      | Reached XP level 1. HP: 15/15 MP: 1/1
     0 | D:1      | magus.rc [v1.11.3]
   254 | D:1      | Reached skill level 3 in Shapeshifting
   288 | D:1      | Gained mutation: You have a pair of small horns on your
                  | head. [demonic ancestry]
   288 | D:1      | Reached XP level 2. HP: 21/21 MP: 2/2
   380 | D:1      | Reached skill level 3 in Unarmed Combat
   511 | D:1      | You fall into a shaft and drop 1 floor!
   702 | D:1      | Gained mutation: You have a pair of horns on your head.
                  | [demonic ancestry]
   702 | D:1      | Reached XP level 3. HP: 17/26 MP: 3/3
  1224 | D:2      | HP: 5/26 [adder (3)]
  1382 | D:2      | Reached XP level 4. HP: 12/32 MP: 4/4
  1387 | D:2      | Reached skill level 4 in Shapeshifting
  1389 | D:2      | HP: 7/32 [hobgoblin (4)]
  2034 | D:3      | Reached XP level 5. HP: 31/37 MP: 5/5
  2034 | D:3      | Found Buggecet's Magic Scroll Shop.
  2046 | D:2      | HP: 6/37 [orc/+3 whip of freezing (7)]
  2048 | D:2      | Slain by an orc

Vanquished Creatures
  9 adders
  2 ribbon worms (D:2)
  4 endoplasms
  5 giant cockroaches
  3 goblins
  6 hobgoblins
  3 jackals (D:1)
  3 quokkas
  A ball python (D:1)
  6 bats
  4 frilled lizards
  6 kobolds
  4 rats (D:1)
56 creatures vanquished.

Table legend:
 A = Non-vault XP
 B = Vault XP
 C = Vault XP percentage of total XP
 D = Non-vault monster count
 E = Vault monster count
 F = Vault count percentage of total count
                 A         B        C        D         E       F
            +---------+---------+-------+---------+---------+-------
      Total |     197 |       5 |   2.5 |      52 |       4 |   7.1
            +---------+---------+-------+---------+---------+-------
        D:1 |      52 |       5 |   8.8 |      24 |       4 |  14.3
        D:2 |     132 |       0 |   0.0 |      27 |       0 |   0.0
        D:3 |      13 |       0 |   0.0 |       1 |       0 |   0.0
            +---------+---------+-------+---------+---------+-------

Skill      XL: |  1  2  3  4 |
---------------+-------------+-----
Shapeshifting  | 3 4 |  4.2
Unarmed Combat | 3 |  3.7
Fighting       | |  1.0
Dodging        | |  1.7

Action                     |  1- 3 |  4- 6 || total
---------------------------+-------+-------++-------
  Melee: Unarmed           |   109 |    41 ||   150
         Headbutt          |    13 |     9 ||    22
         Punch             |     2 |       ||     2
    Use: Potion            |     1 |     2 ||     3
         Scroll            |       |     7 ||     7
   Stab: Sleeping          |     2 |     1 ||     3
 Armour: Animal skin       |    73 |    24 ||    97
  Dodge: Dodged            |    74 |    22 ||    96

Illustrated notes

Table legend:
 A = Kills in this place as a percentage of kills in the entire game.
 B = Kills by you in this place as a percentage of kills by you in the entire game.
 C = Kills by friends in this place as a percentage of kills by friends in the entire game.
 D = Other kills in this place as a percentage of other kills in the entire game.
 E = Experience gained in this place as a percentage of experience gained in the entire game.
 F = Experience gained in this place divided by the number of levels of this place that you have seen.
                   A       B       C       D       E      F
               +-------+-------+-------+-------+-------+----------------------
         Total | 100.0 | 100.0 |   N/A |   N/A | 100.0 |  67.3
       Dungeon | 100.0 | 100.0 |   N/A |   N/A | 100.0 |  67.3
               +-------+-------+-------+-------+-------+----------------------

Table legend: (Time is in decaauts)
 A = Elapsed time spent in this place.
 B = Non-inter-level travel time spent in this place.
 C = Inter-level travel time spent in this place.
 D = Time resting spent in this place.
 E = Time spent auto-exploring this place.
 F = Levels seen in this place.
 G = Mean time per level.
                   A        B        C        D        E       F      G
               +--------+--------+--------+--------+--------+-----+--------+
         Total |   2043 |   1991 |     52 |    325 |   1333 |   3 |  681.0 |
       Dungeon |   2043 |   1991 |     52 |    325 |   1333 |   3 |  681.0 |
               +--------+--------+--------+--------+--------+-----+--------+

Top non-repeatable levels by time:
     D:1: 1344 daAuts
     D:2: 680 daAuts
     D:3: 18 daAuts
